 Dungeon Crawl Stone Soup version 0.30.1-11-g7821555f0a (webtiles) character file.

Game seed: 13489865598491393643

71277 radek the Geomancer (level 15, 0/93 HPs)
             Began as a Gargoyle Earth Elementalist on Dec 3, 2023.
             Was a High Priest of Vehumet.
             Slain by a titanic slime creature (61 damage)
             ... on level 12 of the Dungeon.
             The game lasted 02:43:35 (25349 turns).

radek the Geomancer (Gargoyle Earth Elementalist)  Turns: 25349, Time: 02:43:35

Health: 0/93       AC: 27    Str: 11    XL:     15   Next: 36%
Magic:  0/29       EV: 14    Int: 27    God:    Vehumet [*****.]
Gold:   934        SH:  5    Dex: 10    Spells: 20/34 levels left

rFire   + . .        s - +9 mace of Firijeoj {pain, Int+3 SInv}
rCold   x . .        e - +0 buckler
rNeg    + . .        M - +0 steam dragon scales
rPois   ∞            u - +0 helmet
rElec   +            N - +1 cloak {Stlth+}
rCorr   .            y - +0 pair of gloves
SInv    +            I - +1 pair of boots
Will    +....        D - amulet of the acrobat
Stlth   +++          Z - ring of fire
HPRegen 0.35/turn    X - +4 ring of protection
MPRegen 0.21/turn

%: acrobat
@: flying
A: sickness immunity, AC +11, big wings, negative energy resistance 1,
electricity resistance, torment resistance 1, petrification resistance
a: Renounce Religion


You were on level 12 of the Dungeon.
You worshipped Vehumet.
Vehumet was extremely pleased with you.
You visited 4 branches of the dungeon, and saw 21 of its levels.
You visited the Abyss 1 time.
You also visited: Ossuary and Bailey.

You collected 1826 gold pieces.
You spent 892 gold pieces at shops.

Inventory:

Hand Weapons
 s - the +9 mace of Firijeoj (weapon) {pain, Int+3 SInv}
   (You found it on level 5 of the Lair of Beasts)

   Int:       It affects your intelligence (+3).
   SInv:      It lets you see invisible.
Armour
 e - a +0 buckler (worn)
 u - a +0 helmet (worn)
 y - a +0 pair of gloves (worn)
 I - a +1 pair of boots (worn)
 M - +0 steam dragon scales (worn)
 N - a +1 cloak of stealth (worn)
 W - the +1 cloak of Starlight {*Dazzle EV+4 Stlth--}
   (You found it on level 1 of the Lair of Beasts)

   *Dazzle:   It may blind those who miss an attack against the wearer in melee
   combat.
   EV:        It affects your evasion (+4).
   Stlth:     It makes you much less stealthy.
Jewellery
 b - a ring of ice
 c - a ring of see invisible
 i - a +4 ring of protection
 n - an amulet of reflection
 A - a ring of resist corrosion
 D - an amulet of the acrobat (around neck)
 X - a +4 ring of protection (right hand)
 Z - a ring of fire (left hand)
Wands
 r - a wand of quicksilver (6)
 t - a wand of polymorph (9)
 O - a wand of digging (3)
 U - a wand of roots (10)
 Y - a wand of mindburst (7)
Scrolls
 d - a scroll of enchant armour
 g - 2 scrolls of fear
 h - 8 scrolls of teleportation
 k - 3 scrolls of poison
 p - 3 scrolls of blinking
 x - 6 scrolls of fog
 E - a scroll of silence
 P - 2 scrolls of butterflies
Potions
 a - a potion of magic
 f - 3 potions of invisibility
 m - 7 potions of haste
 o - 11 potions of heal wounds
 q - a potion of resistance
 v - 6 potions of curing
 z - 4 potions of cancellation
 G - a potion of berserk rage
 J - a potion of ambrosia
 K - 4 potions of brilliance
 Q - 8 potions of might


   Skills:
 + Level 10.9 Fighting
 + Level 10.2 Maces & Flails
 - Level 4.0 Armour
 + Level 8.8 Dodging
 - Level 2.1 Stealth
 - Level 5.0 Shields
 + Level 10.0 Spellcasting
 + Level 11.3 Conjurations
 - Level 0.7 Transmutations
 + Level 8.5 Fire Magic
 + Level 13.1 Earth Magic


You had 20 spell levels left.
You knew the following spells:

 Your Spells              Type           Power      Damage    Failure   Level
a - Sandblast             Erth           100%       2d20      1%          1
b - Stone Arrow           Conj/Erth      100%       3d13      1%          3
c - Iron Shot             Conj/Erth      34%        9d7       1%          6
d - Flame Wave            Conj/Fire      79%        2d17      1%          4

Your spell library contained the following spells:

 Spells                   Type           Power      Damage    Failure   Level
 Fulminant Prism          Conj/Hex       22%        3d12      1%          4
 Passwall                 Tmut/Erth      41%        N/A       1%          2
 Scorch                   Fire           100%       2d9       1%          2
 Static Discharge         Conj/Air       88%        2-6/arc   1%          2
 Iskenderun's Battlesphe  Conj           66%        2d12      1%          5
 Petrify                  Tmut/Erth      50%        N/A       3%          4
 Frozen Ramparts          Ice            26%        1d4       4%          3
 Apportation              Tloc           26%        N/A       6%          1
 Summon Small Mammal      Summ           52%        N/A       6%          1
 Borgnjor's Vile Clutch   Necr/Erth      24%        N/A       11%         5
 Airstrike                Air            6%         2d(1-17)  16%         4
 Call Canine Familiar     Summ           13%        N/A       17%         3
 Ozocubu's Armour         Ice            13%        N/A       17%         3
 Summon Guardian Golem    Hex/Summ       13%        N/A       17%         3
 Tukima's Dance           Hex            13%        N/A       17%         3
 Conjure Ball Lightning   Conj/Air       22%        3x3d6     22%         6
 Yara's Violent Unravell  Hex/Tmut       7%         3d5       32%         5
 Ice Form                 Ice/Tmut       15%        N/A       45%         4
 Passage of Golubria      Tloc           13%        N/A       50%         4
 Summon Ice Beast         Ice/Summ       13%        N/A       50%         4
 Summon Lightning Spire   Summ/Air       13%        N/A       50%         4
 Lehudib's Crystal Spear  Conj/Erth      34%        10d9      50%         8
 Spellforged Servitor     Conj/Summ      22%        N/A       71%         7
 Alistair's Intoxication  Tmut/Pois      10%        N/A       80%         5
 Metabolic Englaciation   Hex/Ice        6%         N/A       85%         5
 Silence                  Hex/Air        6%         N/A       85%         5
 Eringya's Noxious Bog    Tmut/Pois      7%         N/A       86%         6
 Simulacrum               Ice/Necr       6%         N/A       100%        6
 Summon Cactus Giant      Summ           6%         N/A       100%        6
 Discord                  Hex            6%         N/A       100%        8
 Disjunction              Tloc           6%         N/A       100%        8


Dungeon Overview and Level Annotations

Branches:
Dungeon (13/15)            Temple (1/1) D:5            Lair (5/5) D:10
 Shoals (0/4) Lair:2       Spider (0/4) Lair:2        Slime (0/5) Lair:5
    Orc (2/2) D:10            Elf (0/3) Orc:2       Ossuary (visited)
 Bailey (visited)
 Vaults: D:13-14

Altars:
Ashenzari
Cheibriados
Dithmenos
Elyvilon
Fedhas
Gozag
Hepliaklqana
Kikubaaqudgha
Makhleb
Nemelex Xobeh
Okawaru
Qazlal
Ru
Sif Muna
Trog
Uskayaw
Vehumet
Wu Jian
Xom
Yredelemnul
Zin
The Shining One

Shops:
D:6 !   D:7 [   D:10 (([   Orc:1 =   Orc:2 !*[*

Portals:
Hell: Lair:5


Innate Abilities, Weirdness & Mutations

You are immune to sickness and miasma.
Your stone body is resilient. (AC +11)
You are immune to poison.
Your large and strong wings let you fly.
You resist negative energy. (rN+)
You are resistant to electric shocks. (rElec)
You are resistant to unholy torment.
You are immune to petrification.


Message History

Aiming: Iron Shot (dangerous; 1% risk of failure)
Press: ? - help, Shift-Dir - straight line, f/p - titanic slime creature
Aim: a titanic slime creature (heavily wounded, 94% to hit)
The iron shot hits the titanic slime creature!!!
The titanic slime creature is severely wounded.
The titanic slime creature hits you.
Press: ? - help, v - describe, . - travel
Here: a titanic slime creature (severely wounded)
The floor.
Casting: Iron Shot (dangerous; 1% risk of failure)
Confirm with . or Enter, or press ? or * to list all spells.
Okay, then.
The titanic slime creature attacks as you move away!
The titanic slime creature hits you!!
There is an open door here.
The titanic slime creature attacks as you move away!
The titanic slime creature closely misses you.
Casting: Iron Shot (dangerous; 1% risk of failure)
Confirm with . or Enter, or press ? or * to list all spells.
Casting: Flame Wave (safe; 1% risk of failure)
Press: ? - help, Dir - look around, f - activate You feel a surge of power!
A wave of flame ripples out!
The flame wave engulfs the titanic slime creature!!
The titanic slime creature is severely wounded. (Press . to intensify the flame waves.)
The titanic slime creature completely misses you.
Without enough magic to sustain them, the waves of flame dissipate.
You block the titanic slime creature's attack.
Hit: s) +9 mace of Firijeoj {pain, Int+3 SInv}
Press: ? - help, Dir - move target, f - titanic slime creature
Aim: a titanic slime creature (severely wounded, about 12% to evade the +9 mace of Firijeoj)
Okay, then.
Okay, then.
Press: ? - help, v - describe, . - travel
Here: a titanic slime creature (severely wounded)
The floor.
As you read the scroll of fog, it crumbles to dust.
The scroll dissolves into smoke.
The titanic slime creature hits you!!!
Ouch! That really hurt!
You die...

#.........#
#.........#
#######'### #.....#
###'###### #........#
# #..§.§...# ..
#..§§§§..#### ...
+..>§@J§.'..### ....
#...§§§§.##...# .....
#........####.#......
#........# #.'......
#........# ###......
########## ......
#####


You could see a titanic slime creature.

Vanquished Creatures
  2 orc warlords
  4 hydras
  The ghost of Scypho the Severer, a journeyman MiFi of Makhleb (Lair:1)
  3 ogre magi (Orc:2)
  18 two-headed ogres
  A boulder beetle (Lair:4)
  11 death yaks
  A sun demon (Lair:5)
  Nergalle (D:10)
  Amaemon (D:10)
  An orb spider (Lair:2)
  A wizard (Lair:5)
  Maurice (D:8)
  4 elephants
  3 black mambas
  Joseph (D:10)
  4 centaur zombies (D:10)
  A torpor snail (Lair:5)
  A gargoyle (Bailey)
  A molten gargoyle (Orc:2)
  2 orange demons
  10 cane toads
  8 rime drakes
  3 unseen horror zombies (D:10)
  A kobold demonologist (D:10)
  7 komodo dragons
  An ice devil (Lair:5)
  3 trolls
  A hellwing (Lair:5)
  4 red devils (Lair:5)
  3 polar bears (Lair:4)
  Prince Ribbit (D:4)
  A meliai zombie (D:10)
  9 blink frogs
  A snapping turtle (Lair:2)
  11 dream sheep
  3 vampires
  5 wyverns
  2 shadows (D:10)
  57 yaks
  2 wraiths (D:10)
  2 basilisks (Lair:3)
  5 humans (Lair:3)
  A steam dragon (D:7)
  Grum (D:8)
  2 wargs (Orc:1)
  An acid dragon (D:10)
  15 water moccasins
  3 hell hounds (Lair:5)
  16 orc warriors
  2 sky beasts (D:7)
  2 black bears
  An ice beast (D:5)
  22 wolves
  26 ogres
  8 centaurs
  5 kobold brigands
  8 bullfrogs
  4 elf zombies (Ossuary)
  4 scorpions
  11 wights
  3 killer bees (D:10)
  9 vampire bats (Bailey)
  7 wolf zombies (Bailey)
  5 electric eels
  2 howler monkeys
  2 lava snakes (Lair:5)
  6 hounds
  A jelly (D:6)
  6 orc priests
  3 human zombies (Ossuary)
  5 iguanas
  18 orc wizards
  2 mummies (Ossuary)
  Robin (D:3)
  6 adders
  A shadow imp (D:5)
  2 ufetubi
  2 adder zombies (Ossuary)
  2 worms
  2 dart slugs
  52 orcs
  5 endoplasms
  3 giant cockroaches
  14 goblins
  6 hobgoblins
  6 jackals
  4 quokkas
  7 ball pythons
  8 bats
  2 frilled lizards
  5 hobgoblin zombies (Ossuary)
  2 jackal zombies (Ossuary)
  18 kobolds
  12 kobold zombies (Ossuary)
  28 orc zombies
  7 rats
  A rat zombie (Ossuary)
600 creatures vanquished.

Vanquished Creatures (others)
  An ogre mage (Orc:2)
  A dream sheep (Lair:3)
2 creatures vanquished.

Grand Total: 602 creatures vanquished

Notes
Turn   | Place    | Note
-------+----------+-------------------------------------------
     0 | D:1      | radek the Gargoyle Earth Elementalist began the quest for
                  | the Orb.
     0 | D:1      | Reached XP level 1. HP: 10/10 MP: 3/3
   259 | D:1      | Reached skill level 4 in Earth Magic
   278 | D:1      | Reached XP level 2. HP: 15/15 MP: 1/5
   897 | D:1      | Reached XP level 3. HP: 19/19 MP: 4/6
   901 | D:1      | Learned a level 3 spell: Stone Arrow
  1493 | D:2      | Reached skill level 1 in Conjurations
  1751 | D:3      | Found an ancient bone altar of Kikubaaqudgha.
  1751 | D:3      | Found a glowing silver altar of Zin.
  1758 | D:3      | Reached XP level 4. HP: 24/24 MP: 6/8
  1802 | D:3      | Noticed Robin
  1925 | D:3      | Killed Robin
  1926 | D:3      | Reached skill level 5 in Earth Magic
  2079 | D:3      | Found a sacrificial altar of Ru.
  2319 | D:2      | Reached XP level 5. HP: 25/28 MP: 6/9
  2352 | D:3      | Reached skill level 1 in Maces & Flails
  2428 | D:3      | Found an iron altar of Okawaru.
  2664 | D:3      | Found a hazy altar of Hepliaklqana.
  3131 | D:4      | Reached XP level 6. HP: 32/32 MP: 7/11
  3141 | D:4      | Learned a level 6 spell: Iron Shot
  3326 | D:5      | Entered Level 5 of the Dungeon
  3333 | D:5      | Noticed an ice beast
  3345 | D:5      | Killed an ice beast
  3408 | D:5      | Reached skill level 1 in Armour
  3480 | D:5      | Identified the +1 dagger "Death Rattle" {freeze, *Rage
                  | rElec rPois rC+++}
  3628 | D:5      | Noticed Prince Ribbit
  3722 | D:5      | Found a glowing golden altar of the Shining One.
  3724 | D:5      | Found a broken altar of Ashenzari.
  3819 | D:5      | Reached skill level 1 in Fighting
  3892 | D:4      | HP: 1/34 [Prince Ribbit (10)]
  3899 | D:4      | Killed Prince Ribbit
  3900 | D:4      | Reached skill level 6 in Earth Magic
  3900 | D:4      | Reached XP level 7. HP: 17/38 MP: 2/12
  4098 | D:5      | Found a staircase to the Ecumenical Temple.
  4107 | Temple   | Entered the Ecumenical Temple
  4314 | D:5      | Found an opulent altar of Gozag.
  4924 | D:6      | Reached XP level 8. HP: 45/45 MP: 11/14
  5377 | D:6      | Found Zulonwionk's Distillery.
  5711 | D:7      | Found a sand-covered staircase.
  5775 | Ossuary  | Entered an ossuary
  6108 | Ossuary  | Reached skill level 7 in Earth Magic
  6108 | Ossuary  | Reached XP level 9. HP: 51/51 MP: 5/16
  6530 | D:7      | Reached skill level 5 in Spellcasting
  6705 | D:7      | Reached skill level 5 in Conjurations
  6957 | D:7      | Found Xuoqauti's Antique Armour Shop.
  7618 | D:7      | Bought an embroidered cloak for 157 gold pieces
  7745 | D:8      | Noticed Maurice
  7772 | D:8      | Killed Maurice
  7773 | D:8      | Reached skill level 5 in Fighting
  7773 | D:8      | Reached skill level 5 in Maces & Flails
  7882 | D:8      | Reached skill level 8 in Earth Magic
  7882 | D:8      | Reached XP level 10. HP: 43/59 MP: 14/18
  7962 | D:8      | Found a radiant altar of Vehumet.
  7965 | D:8      | Found a snail-covered altar of Cheibriados.
  7970 | D:8      | Became a worshipper of Vehumet
  8356 | D:8      | Noticed Grum
  8365 | D:8      | Killed Grum
  8851 | D:9      | Learned a level 4 spell: Flame Wave
  9053 | D:9      | Reached skill level 1 in Fire Magic
  9399 | D:9      | Reached skill level 1 in Shields
  9401 | D:9      | Reached * piety under Vehumet
  9401 | D:9      | Offered knowledge of Magic Dart by Vehumet.
  9588 | D:9      | Identified the +6 short sword of the Middle {heavy, Drain
                  | Dex+5}
  9721 | D:9      | Reached skill level 5 in Dodging
 10246 | D:10     | Entered Level 10 of the Dungeon
 10258 | D:10     | Found a flagged portal.
 10266 | Bailey   | Entered a bailey
 10617 | Bailey   | Noticed a gargoyle
 10624 | Bailey   | Killed a gargoyle
 10625 | Bailey   | Reached skill level 9 in Earth Magic
 10625 | Bailey   | Reached XP level 11. HP: 64/64 MP: 10/20
 10857 | Bailey   | Reached ** piety under Vehumet
 10990 | Bailey   | Offered knowledge of Poisonous Vapours by Vehumet.
 11251 | D:10     | Noticed Nergalle
 11534 | D:10     | Killed Nergalle
 11734 | D:10     | Noticed a two-headed ogre
 11738 | D:10     | Killed a two-headed ogre
 11747 | D:10     | Noticed Amaemon
 11766 | D:10     | Killed Amaemon
 11970 | D:10     | Offered knowledge of Searing Ray by Vehumet.
 12309 | D:10     | Reached *** piety under Vehumet
 12328 | D:10     | Reached XP level 12. HP: 39/72 MP: 20/22
 12469 | D:10     | Found a stormy altar of Qazlal.
 12504 | D:10     | Found Icojimp's Weapon Emporium.
 12516 | D:10     | Found Huizois's Weapon Boutique.
 12547 | D:10     | Reached skill level 10 in Earth Magic
 12905 | D:10     | Found a staircase to the Orcish Mines.
 12918 | D:10     | Offered knowledge of Iskenderun's Mystic Blast by Vehumet.
 12931 | D:10     | Noticed a two-headed ogre
 12935 | D:10     | Killed a two-headed ogre
 13147 | D:10     | Found Heaphui's Armour Shoppe.
 13225 | D:10     | Noticed Joseph
 13233 | D:10     | Killed Joseph
 13387 | D:10     | Found a staircase to the Lair.
 13432 | Lair:1   | Entered Level 1 of the Lair of Beasts
 13463 | Lair:1   | Found the +1 cloak of Starlight {*Dazzle EV+4 Stlth--}
 13876 | Lair:1   | Found a runed translucent door.
 13885 | Lair:1   | Noticed Scypho's ghost (journeyman MiFi)
 14030 | Lair:1   | Reached skill level 5 in Shields
 14204 | Lair:1   | Killed Scypho's ghost
 14733 | Lair:2   | Found a hole to the Spider Nest.
 15041 | Lair:2   | Reached skill level 5 in Fire Magic
 15271 | Lair:2   | Found a staircase to the Shoals.
 15702 | Lair:3   | Noticed a death yak
 15702 | Lair:3   | Noticed a death yak
 15702 | Lair:3   | Noticed a death yak
 15702 | Lair:3   | Noticed a death yak
 15716 | Lair:3   | Reached **** piety under Vehumet
 15865 | Lair:3   | Offered knowledge of Volatile Blastmotes by Vehumet.
 15900 | Lair:3   | Reached XP level 13. HP: 79/79 MP: 21/24
 16342 | Lair:3   | Reached skill level 11 in Earth Magic
 18260 | Lair:4   | Reached ***** piety under Vehumet
 18604 | Lair:4   | Offered knowledge of Starburst by Vehumet.
 19197 | Lair:5   | Entered Level 5 of the Lair of Beasts
 19339 | Lair:5   | Reached skill level 10 in Conjurations
 19426 | Lair:4   | Gained mutation: Your large and strong wings let you fly.
                  | [Gargoyle growth]
 19426 | Lair:4   | Reached XP level 14. HP: 52/86 MP: 26/26
 20054 | Lair:4   | Reached skill level 12 in Earth Magic
 20899 | Lair:5   | Identified the +9 mace of Firijeoj {pain, Int+3 SInv}
 21083 | Lair:5   | Found a staircase to the Slime Pits.
 21102 | Lair:5   | Reached skill level 10 in Fighting
 21577 | Abyss:2  | Cast into level 2 of the Abyss (a wizard)
 21640 | Abyss:2  | Found a corrupted altar of Lugonu.
 21660 | Abyss:2  | Noticed a tentacled starspawn
 21689 | Lair:5   | Escaped the Abyss
 21733 | Lair:5   | Found a burning altar of Makhleb.
 22078 | Lair:5   | Found a gateway to Hell.
 22787 | Orc:1    | Entered Level 1 of the Orcish Mines
 22817 | Orc:1    | Noticed an orc warlord
 22839 | Orc:1    | Killed an orc warlord
 23017 | Orc:2    | Entered Level 2 of the Orcish Mines
 23068 | Orc:2    | Offered knowledge of Fulminant Prism by Vehumet.
 23083 | Orc:2    | Paralysed by an ogre mage for 5 turns
 23093 | Orc:1    | Reached XP level 15. HP: 47/93 MP: 21/28
 23231 | Orc:2    | Reached skill level 10 in Maces & Flails
 23370 | Orc:2    | Reached skill level 13 in Earth Magic
 23468 | Orc:1    | Found Lidioxet's Jewellery Shoppe.
 23604 | Orc:2    | Found Saddelix's Distillery.
 23713 | Orc:2    | Noticed an orc warlord
 23893 | Orc:2    | Found Usoumiur's Weapon Shoppe.
 23893 | Orc:2    | Found Vaegeoci's Assorted Antiques.
 23894 | Orc:2    | Found Onepsoh's Armour Shop.
 23894 | Orc:2    | Found Efuadu's Assorted Antiques.
 23934 | Orc:2    | Found a staircase to the Elven Halls.
 24193 | Orc:2    | Killed an orc warlord
 24434 | Orc:2    | Bought a potion of magic for 104 gold pieces
 24434 | Orc:2    | Bought 2 potions of heal wounds for 130 gold pieces
 24434 | Orc:2    | Bought 2 potions of heal wounds for 130 gold pieces
 24434 | Orc:2    | Bought a potion of curing for 39 gold pieces
 24556 | D:6      | Bought a potion of heal wounds for 70 gold pieces
 24556 | D:6      | Bought a potion of heal wounds for 70 gold pieces
 24556 | D:6      | Bought a potion of heal wounds for 70 gold pieces
 24556 | D:6      | Bought a potion of heal wounds for 70 gold pieces
 24678 | Orc:2    | Bought a potion of brilliance for 52 gold pieces
 24961 | Orc:1    | You are sucked into a shaft and drop 1 floor!
 25100 | D:11     | Reached skill level 10 in Spellcasting
 25236 | D:11     | You are sucked into a shaft and drop 2 floors!
 25349 | D:12     | Slain by a titanic slime creature

Illustrated notes

Levels and vault maps discovered:
D:1:      onia_arrival_pyramid, layout_basic
D:2:      layout_rooms, minmay_tromino_v7
D:3:      layout_rooms, general_overflow_altar,
          gammafunk_temple_overflow_forgotten,
          mainiacjoe_overflow_small_starburst, uniq_robin
D:4:      layout_basic
D:5:      layout_cave_pods, nicolae_overflow_hidden_temple,
          minmay_temple_entry_glass, dreamdust_princess_corridor,
          serial_bayou_lagoon_b, uniq_prince_ribbit1
D:6:      layout_basic, serial_shops, nicolae_shop_waterfront
D:7:      layout_cave_pools, serial_shops, nicolae_shop_tiny_waterfront,
          lightli_ossuary_entry_decrepit_ruins
D:8:      layout_loops_ring, nicolae_overflow_squiral, uniq_grum, uniq_maurice
D:9:      layout_loops_ring
D:10:     layout_loops_cross, lemuel_crystal_altar,
          grunt_lair_entry_orc_guard_hut, hiddenorc1_lemuel, serial_undead,
          serial_undead_c, serial_undead_d, serial_undead_d, serial_undead_a,
          serial_undead_f, serial_shops, shop, shop, shop, enter_bailey_2,
          uniq_amaemon, uniq_joseph, uniq_nergalle
D:11:     nicolae_BIG_FREAKIN_CUBE, layout_basic
D:12:     layout_roguey [special_room_orc], serial_shops,
          nicolae_shop_bloodbath_and_beyond, uniq_fannar, uniq_rupert,
          uniq_lodul
D:13:     minmay_the_grid_triangle_9x9_rhombus_thin
          [minmay_the_grid_triangle_9x9_empty,
          minmay_the_grid_triangle_9x9_prize_special,
          minmay_the_grid_triangle_9x9_checkered,
          minmay_the_grid_triangle_9x9_empty], layout_stronghold,
          grunt_vaults_entry_tiered, portal_ice_cave_entry_ice_simulacra
Temple:   nicolae_temple_bog_church
Lair:1:   layout_big_grid, ebering_ghost_reflecting_pool
Lair:2:   layout_loops_ring, minmay_shoals_entry_hut,
          nicolae_spider_entry_orb_guardian, beast_lair_carwin_4
Lair:3:   slaughterhouse, layout_regular_city
Lair:4:   layout_cave_pods, lemuel_fruit_tree
Lair:5:   evil_forest, layout_long_grid, slime_entry_1,
          nicolae_lair_liquid_snakes, grunt_megastairs_5
Orc:1:    layout_caves, serial_shops, nicolae_shop_behind_doors
Orc:2:    st_orc_ogre_mass, layout_caves, serial_shops, shop,
          nicolae_orc_lava_tube

Skill      XL: |  1  2  3  4  5  6  7  8  9 10 11 12 13 14 15 |
---------------+----------------------------------------------+-----
Earth Magic    | 4 5 6 7 8 9 10 11 12 13 | 13.1
Conjurations   | 1 2 3 4 5 7 8 9 10 11 | 11.3
Spellcasting   | 3 4 5 6 7 8 9 10 | 10.0
Maces & Flails | 1 2 3 5 6 8 9 10 | 10.2
Armour         | 1 2 3 4 |  4.0
Fighting       | 1 2 3 5 6 7 8 9 10 | 10.9
Dodging        | 2 3 4 5 6 7 8 |  8.8
Fire Magic     | 2 4 5 6 8 |  8.5
Shields        | 2 4 5 |  5.0
Stealth        | |  2.1
Transmutations | |  0.7

Action                     |  1- 3 |  4- 6 |  7- 9 | 10-12 | 13-15 || total
---------------------------+-------+-------+-------+-------+-------++-------
  Melee: Mace              |     7 |     3 |    36 |     1 |    34 ||    81
         Morningstar       |       |       |       |   116 |   137 ||   253
         Punch             |       |       |       |     3 |       ||     3
   Cast: Sandblast         |    45 |    83 |   191 |   325 |   328 ||   972
         Stone Arrow       |       |     8 |    13 |    69 |    40 ||   130
         Flame Wave        |       |       |       |    13 |    19 ||    32
         Iron Shot         |       |       |       |    13 |    52 ||    65
    Use: Potion            |       |     2 |       |     1 |     3 ||     6
         Scroll            |       |       |       |    21 |     7 ||    28
   Stab: Sleeping          |       |       |       |     1 |       ||     1
         Invisible         |       |       |       |     3 |    11 ||    14
 Armour: Leather armour    |    14 |    30 |    61 |       |       ||   105
         Steam dragon scal |       |       |    14 |   242 |   185 ||   441
  Dodge: Dodged            |     9 |    44 |    82 |   408 |   455 ||   998
  Block: Buckler           |       |       |       |    93 |   108 ||   201
